Map: Incorporeal LE

Players

ManlyManMeat - Winner!

  • Race: Zerg Zerg
  • League: Master
  • Spawn Location: 5:00

Bojarau

  • Race: Terran Terran
  • League: Platinum
  • Spawn Location: 11:00

VOD

Have the link to the VOD?

Description

Time

  • Played on: June 15, 2025, 12:20 p.m.
  • Length: 24:48
Show
View Real Time Build Order
Export as new Build Order

ManlyManMeat Zerg - Winner!

Build Orders: Hatch First 

Get SALT Encoding   

  12  0:07  Overlord  
  12  0:13  Drone  
  13  0:18  Drone  
  14  0:25  Drone  
  15  0:29  Drone  
  16  0:40  Drone  
  17  0:52  Hatchery  
  17  0:54  Drone  
  17  1:01  Drone  
  18  1:13  Spawning Pool  
  18  1:17  Drone, Extractor  
  17  1:23  Drone  
  18  1:45  Hatchery  
  17  2:03  Queen  
  17  2:06  Queen  
  21  2:11  Drone  
  22  2:20  Zergling x4  
  24  2:25  Drone  
  25  2:30  Metabolic Boost  
  25  2:48  Queen  
  25  2:50  Zergling x4  
  28  2:56  Overlord  
  28  3:12  Drone x4  
  32  3:23  Drone x3  
  35  3:32  Overlord  
  35  3:51  Drone  
  35  3:52  Drone x4  
  38  4:03  Queen  
  38  4:04  Overlord x2  
  38  4:06  Drone x2  
  42  4:13  Lair  
  42  4:22  Queen  
  42  4:24  Overlord  
  44  4:27  Zergling x4  
  44  4:29  Zergling x2  
  47  4:31  Zergling x2  
  47  4:32  Zergling x2  
  47  4:34  Zergling x2  
  50  4:47  Zergling x8  
  50  4:48  Zergling x6  
  57  4:55  Baneling Nest  
  55  5:21  Drone  
  55  5:22  Drone x5  
  55  5:23  Overlord x5  
  55  5:24  Drone  
  55  5:25  Drone x2  
  64  5:35  Overlord  
  64  5:37  Overlord  
  64  5:38  Drone  
  65  5:42  Extractor x2  
  65  5:44  Extractor x2  
  60  6:06  Zergling x10  
  62  6:23  Zergling x20  
  72  6:26  Centrifugal Hooks  
  72  6:35  Evolution Chamber x2  
  60  7:03  Zergling x18  
  61  7:14  Zerg Melee Weapons Level 1, Zerg Ground Armor Level 1  
  58  7:19  Infestation Pit  
  55  7:36  Hatchery  
  54  7:39  Hatchery  
  54  7:41  Zergling x2  
  54  7:42  Zergling x20  
  64  7:45  Overseer x2  
  64  7:48  Overlord  
  64  7:50  Drone x3  
  67  7:52  Drone  
  68  8:12  Baneling x6  
  68  8:13  Baneling x2, Zergling x2  
  68  8:14  Zergling x10  
  74  8:31  Zergling x4  
  74  8:32  Zergling x8  
  80  8:51  Drone x6  
  86  9:15  Drone x3  
  86  9:16  Drone x4  
  93  9:18  Drone  
  93  9:19  Drone  
  81  10:13  Extractor  
  77  10:14  Extractor  
  55  10:27  Drone x16  
  63  10:40  Zergling x18  
  72  10:47  Spire  
  71  11:02  Zerg Ground Armor Level 2  
  71  11:03  Zerg Missile Weapons Level 1  
  71  11:04  Hydralisk Den  
  71  11:07  Infestation Pit  
  71  11:08  Hive  
  70  11:22  Baneling  
  70  11:23  Baneling x7  
  70  11:24  Zergling x32  
  70  11:25  Zergling x6  
  88  11:30  Queen  
  88  11:31  Queen  
  92  11:37  Zergling x2  
  92  11:38  Zergling x8  
  97  11:47  Grooved Spines  
  97  11:49  Hydralisk x4  
  105  12:06  Neural Parasite  
  103  12:10  Corruptor x4  
  111  12:22  Hydralisk x6  
  97  12:52  Hydralisk x9  
  97  12:53  Hydralisk  
  113  13:00  Drone x11  
  117  13:15  Hydralisk  
  117  13:16  Hydralisk x3  
  125  13:30  Overlord  
  125  13:31  Drone  
  126  13:43  Hatchery  
  126  13:47  Zergling x2  
  126  13:48  Overlord x3  
  126  13:49  Overlord x2  
  126  13:50  Overlord x4  
  126  13:51  Drone x2  
  126  13:52  Drone x5  
  128  14:10  Zergling x18  
  128  14:11  Zergling x12  
  118  14:25  Zergling x16, Overlord x3  
  105  14:35  Hydralisk x2  
  105  14:37  Corruptor x2  
  105  14:38  Corruptor x3  
  116  14:50  Corruptor x2  
  116  14:51  Corruptor  
  122  14:54  Hydralisk  
  122  14:56  Zergling x10  
  122  14:57  Zergling x4  
  131  15:00  Baneling x2  
  114  15:35  Ultralisk Cavern  
  110  15:40  Drone x12, Extractor  
  119  16:09  Queen  
  119  16:11  Queen  
  121  16:16  Extractor  
  121  16:17  Extractor  
  123  16:25  Ultralisk  
  123  16:26  Ultralisk x2  
  135  16:34  Adrenal Glands  
  135  16:44  Zergling x44  
  135  16:45  Zergling x4  
  159  16:54  Corruptor x3  
  159  17:00  Zergling x4  
  159  17:01  Zergling x10  
  172  17:11  Corruptor x3  
  138  17:48  Corruptor x6  
  138  17:50  Zergling x32  
  138  17:51  Zergling x12  
  159  17:57  Drone x4  
  159  17:58  Drone x2  
  165  18:05  Corruptor x3  
  161  18:28  Corruptor  
  161  18:29  Corruptor x3  
  161  18:30  Zergling x12  
  161  18:31  Zergling x22  
  174  18:40  Zergling x8  
  166  18:54  Ultralisk x2  
  177  19:03  Zergling x2  
  177  19:04  Zergling x34  
  186  19:18  Drone x8  
  191  19:46  Ultralisk  
  191  19:52  Chitinous Plating  
  197  19:53  Zerg Ground Armor Level 3  
  197  19:55  Zerg Melee Weapons Level 2  
  197  19:59  Muscular Augments  
  175  20:36  Infestor  
  175  20:37  Infestor x5  
  181  20:55  Zergling x36  
  181  20:56  Zergling x2  
  187  21:26  Zergling x14  
  187  21:27  Zergling x12  
  187  21:31  Anabolic Synthesis  
  194  21:33  Ultralisk  
  188  21:58  Zergling x24  
  197  22:41  Ultralisk x2  
  197  22:42  Ultralisk  
  195  22:48  Pneumatized Carapace, Burrow  
  195  23:12  Hatchery  
  194  23:15  Hatchery  
  193  23:32  Spore Crawler  
  193  23:33  Spore Crawler  
  191  23:36  Spore Crawler  
  191  23:37  Spore Crawler  
  189  23:52  Infestor  
  189  23:53  Infestor x4  
Show
View Real Time Build Order
Export as new Build Order

Bojarau Terran 

Build Orders: Reaper Expand 

Get SALT Encoding   

  12  0:03  SCV  
  13  0:21  SCV  
  14  0:22  Supply Depot  
  14  0:33  SCV  
  15  0:44  Barracks  
  15  0:45  SCV  
  15  0:46  Refinery  
  16  0:57  SCV  
  17  1:11  SCV  
  18  1:23  SCV  
  19  1:31  Reaper  
  20  1:36  Orbital Command  
  20  1:45  Command Center  
  20  2:05  SCV  
  21  2:16  Supply Depot, Barracks Reactor  
  21  2:18  SCV  
  22  2:30  SCV  
  22  2:32  Factory  
  23  2:42  SCV  
  23  2:53  Marine x2  
  23  2:54  SCV  
  23  2:55  Supply Depot  
  23  2:56  Bunker  
  26  2:58  Orbital Command  
  26  3:05  Supply Depot  
  26  3:06  SCV  
  27  3:18  SCV  
  28  3:26  Marine  
  28  3:27  Marine  
  28  3:28  Hellion  
  28  3:30  SCV  
  32  3:39  Barracks  
  32  3:42  SCV  
  31  3:53  SCV  
  31  3:54  SCV  
  33  3:56  Hellion  
  33  4:01  Refinery  
  35  4:05  SCV, Marine x2  
  38  4:11  Barracks  
  38  4:15  SCV  
  39  4:22  Bunker  
  39  4:27  SCV  
  40  4:34  Barracks Tech Lab  
  44  4:38  Hellion x2  
  44  4:39  SCV  
  44  4:40  Barracks Reactor  
  44  4:42  SCV  
  46  4:51  SCV  
  47  4:54  Refinery, SCV  
  47  4:56  Engineering Bay  
  47  4:59  Armory  
  52  5:00  Hellion x2, Barracks Tech Lab  
  52  5:01  Stimpack  
  52  5:03  SCV  
  52  5:06  SCV  
  54  5:16  SCV  
  54  5:18  SCV, Marine x2  
  54  5:19  Combat Shield  
  58  5:28  Hellion, SCV  
  61  5:30  SCV  
  61  5:34  Hellion  
  64  5:36  Supply Depot  
  64  5:40  SCV, Marine x3  
  64  5:41  Marine  
  64  5:42  SCV  
  70  5:43  Terran Infantry Weapons Level 1  
  70  5:52  Starport  
  70  5:58  SCV x2  
  72  6:07  Command Center  
  72  6:10  SCV x2  
  74  6:21  Marine x2  
  74  6:22  Marine  
  77  6:33  SCV  
  77  6:35  Engineering Bay, Starport Reactor  
  78  6:49  SCV  
  78  6:50  Marine  
  78  6:56  Marine  
  78  6:57  Hellion x2  
  61  7:09  Marine x3  
  61  7:14  Marine  
  63  7:16  Terran Infantry Armor Level 1  
  63  7:27  Marine  
  63  7:28  Marine x2  
  63  7:29  SCV x2  
  68  7:41  Supply Depot, SCV x2  
  70  7:52  Hellion x2  
  70  7:53  Liberator x2, SCV  
  70  7:54  SCV  
  82  7:58  Fusion Core  
  82  8:02  Starport  
  82  8:03  Terran Infantry Weapons Level 2  
  82  8:04  Marine x2  
  82  8:05  Factory, SCV  
  84  8:06  SCV  
  84  8:08  Orbital Command  
  86  8:14  Hellion x2  
  86  8:18  SCV x2  
  92  8:21  Marine x2  
  92  8:22  Marine  
  95  8:31  Command Center  
  95  8:34  Refinery, SCV x2  
  97  8:36  Liberator  
  97  8:40  Command Center  
  100  8:46  SCV  
  101  8:57  Starport Tech Lab, Weapon Refit  
  101  8:58  Factory Tech Lab  
  101  9:16  Refinery  
  101  9:20  Supply Depot  
  101  9:22  Supply Depot x2  
  101  9:23  Supply Depot  
  101  9:25  Supply Depot  
  101  9:27  SCV  
  101  9:28  Marine  
  101  9:30  SCV  
  101  9:34  SCV  
  101  9:44  Marauder x2, Liberator, Hellion x2, Marine  
  101  9:45  SCV  
  114  9:46  SCV, Marine  
  116  9:57  SCV  
  116  9:59  SCV  
  115  10:08  Hellion x2  
  115  10:09  Battlecruiser, SCV  
  125  10:21  SCV  
  95  10:29  Hellion  
  95  10:31  Marine x4  
  101  10:36  Viking x2  
  101  10:39  Hellion  
  101  10:41  Siege Tank  
  108  10:48  Marine  
  108  10:49  Marine x3  
  111  10:52  SCV  
  111  10:55  Missile Turret  
  112  10:57  SCV  
  114  11:04  SCV  
  114  11:09  SCV  
  115  11:12  Refinery, Command Center, Marine x3  
  115  11:13  Marauder, Battlecruiser, Siege Tank  
  115  11:16  SCV  
  115  11:18  Missile Turret  
  130  11:19  Command Center  
  130  11:21  SCV  
  127  11:28  SCV  
  127  11:31  Marauder  
  130  11:34  SCV  
  130  11:39  Viking x2  
  131  11:40  SCV  
  131  11:42  Terran Ship Weapons Level 1  
  131  11:46  Planetary Fortress  
  132  12:01  SCV  
  128  12:18  Siege Tank  
  128  12:19  Hellion  
  128  12:20  Marine x2  
  128  12:21  Marine x2  
  137  12:38  Marine  
  137  12:39  Marauder x2  
  137  12:42  Battlecruiser  
  146  12:49  SCV  
  146  12:50  Siege Tank  
  136  12:55  Medivac  
  136  12:56  Medivac  
  140  13:01  SCV  
  140  13:03  Planetary Fortress  
  137  13:07  Engineering Bay  
  134  13:13  SCV x2  
  134  13:16  Marine  
  134  13:17  Marine x2  
  134  13:18  Marauder  
  141  13:22  Siege Tank  
  141  13:25  SCV x2  
  146  13:34  Refinery, Marine x2  
  146  13:35  Marauder  
  146  13:36  Refinery  
  146  13:37  SCV  
  146  13:38  Supply Depot, SCV, Marine  
  153  13:41  Supply Depot x2  
  153  13:42  Supply Depot  
  153  13:44  Supply Depot  
  153  13:45  Supply Depot  
  153  13:50  Supply Depot, SCV, Orbital Command  
  153  13:52  Marine x2  
  153  13:53  Orbital Command  
  156  13:57  Supply Depot  
  156  14:02  Supply Depot  
  118  14:33  Marine x4  
  122  14:42  Siege Tank  
  122  14:44  Viking x3  
  131  14:50  Marine  
  131  14:51  Marauder x2, Marine  
  137  15:08  Marine x2  
  137  15:12  Marine  
  137  15:13  Marauder, Command Center  
  137  15:14  Viking x2, Siege Tank  
  144  15:15  Battlecruiser  
  146  15:26  Marine x2  
  132  15:36  Widow Mine x2  
  132  15:38  Terran Infantry Armor Level 2  
  132  15:40  Terran Ship Weapons Level 2  
  130  15:47  Siege Tank  
  133  15:53  Marine x4  
  137  15:57  Widow Mine  
  139  16:11  Marine x4  
  136  16:16  Orbital Command  
  139  16:23  SCV x2  
  139  16:24  Missile Turret  
  141  16:27  Widow Mine x3  
  141  16:28  Marine  
  141  16:29  Marine x3  
  151  16:46  Missile Turret, Marine  
  151  16:47  Marine x3  
  152  16:48  Supply Depot  
  152  16:49  Siege Tank  
  152  16:52  Supply Depot  
  158  16:56  Viking  
  158  16:57  Viking x2  
  158  16:58  Supply Depot  
  164  17:04  Marine x3  
  164  17:05  Marine  
  164  17:06  Missile Turret  
  164  17:07  SCV  
  164  17:08  SCV x3  
  172  17:21  Siege Tank  
  172  17:22  Marine  
  175  17:26  Viking  
  175  17:27  Viking  
  175  17:29  Marine x3  
  182  17:32  Viking  
  158  17:44  Command Center  
  158  17:48  Marauder x2  
  139  17:53  Siege Tank  
  139  17:56  Viking  
  139  18:03  Marine x2  
  139  18:05  Widow Mine x2  
  145  18:07  Battlecruiser, Viking  
  145  18:09  Marauder x2  
  157  18:24  Planetary Fortress  
  109  18:50  Marine x2  
  109  18:51  Marine x2  
  100  19:00  Siege Tank  
  100  19:01  Hellion, Widow Mine  
  103  19:08  Marine x3  
  103  19:09  Marine  
  107  19:11  Battlecruiser  
  111  19:21  Hi-Sec Auto Tracking  
  111  19:22  Widow Mine x2  
  111  19:23  Neosteel Armor  
  115  19:26  Marine x4  
  119  19:32  Siege Tank  
  114  19:43  Widow Mine  
  114  19:44  Widow Mine, Marine  
  117  20:04  Siege Tank  
  117  20:05  Widow Mine x2  
  124  20:12  Marine x4  
  128  20:18  Supply Depot  
  128  20:19  Supply Depot  
  120  20:26  Hellion  
  120  20:27  Hellion  
  123  20:30  Marine x4  
  116  20:48  Marauder  
  118  20:55  Marine x3  
  109  21:23  Command Center, Marine  
  109  21:24  Marine x2  
  109  21:25  Marauder  
  114  21:26  SCV  
  115  21:48  SCV  
  115  22:00  SCV  
  116  22:01  Siege Tank  
  116  22:03  Battlecruiser  
  125  22:10  Widow Mine  
  125  22:12  SCV  
  128  22:24  SCV  
  129  22:33  Siege Tank  
  129  22:36  SCV  
  129  22:42  Medivac x2  
  126  22:46  Orbital Command  
  126  22:52  Command Center  
  126  22:54  Missile Turret  
  126  23:04  Marine x2  
  126  23:05  Marauder x2, Siege Tank  
  132  23:07  Battlecruiser  
  132  23:12  Medivac x2  
  143  23:18  Refinery  
  145  23:20  Refinery  
  143  23:37  Thor  
  149  23:48  Command Center, Widow Mine x2  
  153  23:49  Command Center  
  153  24:09  Widow Mine x2  
Tags
 
Add a new tag
Caveats
  • Supply blocks, unpowered buildings, or Contaminate may cause inaccurate times.
  • Supply counts are checked every 10 seconds.